 Dungeon Crawl Stone Soup version 0.30.1 (webtiles) character file.

Game seed: 2723196511307476042

389483 Peloso the Minotaur Blade (level 22, -6/191 (214) HPs)
             Began as a Minotaur Fighter on July 7, 2023.
             Was the Champion of Okawaru.
             Mangled by a Brimstone Fiend (18 damage)
             ... summoned by Riokh the Hellbinder
             ... in a wizard's laboratory.
             The game lasted 01:52:15 (40305 turns).

Peloso the Minotaur Blade (Minotaur Fighter)       Turns: 40305, Time: 01:52:16

HP:   -6/191 (214)  AC:  8    Str: 34    XL:     22   Next: 6%
MP:   21/21         EV: 17    Int:  5    God:    Okawaru [******]
Gold: 4699          SH: 39    Dex: 18    Spells: 21/21 levels left

rFire   + + +        a - +8 demon blade "Leech" {evervamp, Harm Drain rN+}
rCold   + . .        d - +10 tower shield of Decompression {+Blink Str+5}
rNeg    + + +        H - +0 fire dragon scales
rPois   .            O - +1 hat {Will+}
rElec   .            v - scarf of Scuffed the Leaf {rC+ rF+, Str+2 Dex+3}
rCorr   .            U - +3 pair of gloves of Distant Shores {Rampage rN++ SInv Stlth-}
SInv    +            r - +2 pair of boots {rampage}
Will    ++...        m - amulet of reflection Stlth
                     D - +4 ring of slaying
HPRegen 0.51/turn    n - ring of protection from cold
MPRegen 0.17/turn

%: harm (+30% outgoing, +20% incoming), reflection, rampage
@: corroded, heavily drained
A: horns 2, retaliatory headbutt, low MP 1
}: 2/15 runes: barnacled, gossamer
a: Renounce Religion, Evoke Blink, Heroism, Finesse, Duel


You were in a wizard's laboratory.
You worshipped Okawaru.
Okawaru was exalted by your worship.
You visited 8 branches of the dungeon, and saw 35 of its levels.
You visited the Abyss 1 time.
You also visited: Sewer, Ice Cave and Wizlab.

You collected 5248 gold pieces.
You spent 549 gold pieces at shops.

Inventory:

Hand Weapons
 a - the +8 demon blade "Leech" (weapon) {evervamp, Harm Drain rN+}
   (Okawaru gifted it to you on level 2 of the Lair of Beasts)

   rN:        It protects you from negative energy.
   Drain:     It drains your maximum health when unequipped.
   Harm:      It increases damage dealt and taken.
 b - a +4 scimitar of flaming
 c - the +8 falchion of Responsibility {heavy, rPois rF+ rC+}
   (Okawaru gifted it to you on level 1 of the Elven Halls)

   rF:        It protects you from fire.
   rC:        It protects you from cold.
   rPois:     It protects you from poison.
Armour
 d - the +10 tower shield of Decompression (worn) {+Blink Str+5}
   (Okawaru gifted it to you in an ice cave)

   Str:       It affects your strength (+5).
   +Blink:    It lets you blink.
 r - a +2 pair of boots of rampaging (worn)
 s - +0 ice dragon scales
 v - the scarf of Scuffed the Leaf (worn) {rC+ rF+, Str+2 Dex+3}
   (You acquired it on level 2 of the Spider Nest)

   Str:       It affects your strength (+2).
   Dex:       It affects your dexterity (+3).
 C - the +1 plate armour of the Lost Path {rElec rC+}
   (You found it on level 1 of the Shoals)

   rC:        It protects you from cold.
   rElec:     It insulates you from electricity.
 H - +0 fire dragon scales (worn)
 O - a +1 hat of willpower (worn)
 U - the +3 pair of gloves of Distant Shores (worn) {Rampage rN++ SInv Stlth-}
   (Okawaru gifted it to you on level 11 of the Dungeon)

   rN:        It greatly protects you from negative energy.
   SInv:      It lets you see invisible.
   Rampage:   It bestows one free step when moving towards enemies.
   Stlth:     It makes you less stealthy.
Jewellery
 g - a ring of resist corrosion
 h - a ring of poison resistance
 m - an amulet of reflection (around neck)
 n - a ring of protection from cold (right hand)
 D - a +4 ring of slaying (left hand)
 Y - an amulet of regeneration
Wands
 G - a wand of iceblast (5)
Scrolls
 e - 18 scrolls of teleportation
 i - 2 scrolls of enchant armour
 l - 8 scrolls of immolation
 o - a scroll of fog
 q - 2 scrolls of blinking
 y - 25 scrolls of identify
 E - 4 scrolls of magic mapping
 F - a scroll of acquirement
 T - 6 scrolls of fear
Potions
 f - 6 potions of might
 j - 7 potions of ambrosia
 p - a potion of invisibility
 w - 8 potions of curing
 x - a potion of resistance
 A - 8 potions of flight
 B - 5 potions of heal wounds
 Q - 3 potions of mutation
 R - 7 potions of haste
 Z - 5 potions of berserk rage
Miscellaneous
 t - a box of beasts


   Skills:
 + Level 21.7 Fighting
 + Level 22.7 Long Blades
 + Level 1.9 Polearms
 + Level 18.3 Armour
 + Level 12.0 Dodging
 + Level 4.1 Stealth
 + Level 22.6 Shields
 + Level 4.7 Invocations
 + Level 0.2 Evocations


You had 21 spell levels left.
You didn't know any spells.
Your spell library contained the following spells:

 Spells                   Type           Power      Damage    Failure   Level
 Beastly Appendage        Tmut           0%         N/A       73%         1
 Freeze                   Ice            0%         1d3       73%         1
 Kiss of Death            Conj/Necr      0%         2d5       73%         1
 Magic Dart               Conj           0%         1d3       73%         1
 Necrotise                Necr           0%         1d4       73%         1
 Sting                    Tmut/Pois      0%         1d3       73%         1
 Cigotuvi's Dreadful Rot  Necr/Pois/Air  0%         N/A       86%         2
 Ensorcelled Hibernation  Hex/Ice        0%         N/A       86%         2
 Lesser Beckoning         Tloc           0%         N/A       86%         2
 Momentum Strike          Conj/Tloc      0%         3d8       86%         2
 Poisonous Vapours        Pois/Air       0%         N/A       86%         2
 Scorch                   Fire           0%         2d5       86%         2
 Sublimation of Blood     Necr           0%         N/A       86%         2
 Wereblood                Tmut           0%         N/A       86%         2
 Confusing Touch          Hex            0%         N/A       97%         3
 Dazzling Flash           Conj/Hex       0%         N/A       97%         3
 Frozen Ramparts          Ice            0%         1d1       97%         3
 Gell's Gravitas          Tloc           0%         N/A       97%         3
 Hailstorm                Conj/Ice       0%         3d3       97%         3
 Inner Flame              Hex/Fire       0%         N/A       97%         3
 Mephitic Cloud           Conj/Pois/Air  0%         N/A       97%         3
 Spider Form              Tmut/Pois      0%         N/A       97%         3
 Stone Arrow              Conj/Erth      0%         3d7       97%         3
 Teleport Other           Tloc           0%         N/A       97%         3
 Vampiric Draining        Necr           0%         2d6       97%         3
 Anguish                  Hex/Necr       0%         N/A       100%        4
 Cause Fear               Hex            0%         N/A       100%        4
 Dispel Undead            Necr           0%         3d6       100%        4
 Flame Wave               Conj/Fire      0%         2d4       100%        4
 Ice Form                 Ice/Tmut       0%         N/A       100%        4
 Leda's Liquefaction      Hex/Erth       0%         N/A       100%        4
 Olgreb's Toxic Radiance  Pois           0%         N/A       100%        4
 Passage of Golubria      Tloc           0%         N/A       100%        4
 Sticky Flame             Conj/Fire      0%         2d3       100%        4
 Agony                    Necr           0%         N/A       100%        5
 Alistair's Intoxication  Tmut/Pois      0%         N/A       100%        5
 Blade Hands              Tmut           0%         N/A       100%        5
 Freezing Cloud           Conj/Ice/Air   0%         6-21      100%        5
 Lee's Rapid Deconstruct  Erth           0%         3d4*      100%        5
 Silence                  Hex/Air        0%         N/A       100%        5
 Yara's Violent Unravell  Hex/Tmut       0%         3d3       100%        5
 Conjure Ball Lightning   Conj/Air       0%         3x3d6     100%        6
 Statue Form              Tmut/Erth      0%         N/A       100%        6
 Enfeeble                 Hex            0%         N/A       100%        7
 Orb of Destruction       Conj           0%         9d5       100%        7
 Storm Form               Tmut/Air       0%         N/A       100%        7
 Borgnjor's Revivificati  Necr           0%         N/A       100%        8
 Discord                  Hex            0%         N/A       100%        8
 Disjunction              Tloc           0%         N/A       100%        8
 Maxwell's Capacitive Co  Air            0%         ∞         100%        8
 Necromutation            Tmut/Necr      0%         N/A       100%        8
 Death's Door             Necr           0%         N/A       100%        9
 Fire Storm               Conj/Fire      0%         5d1       100%        9
 Summon Small Mammal      Summ           Unusable   N/A       N/A         1
 Call Imp                 Summ           Unusable   N/A       N/A         2
 Call Canine Familiar     Summ           Unusable   N/A       N/A         3
 Summon Guardian Golem    Hex/Summ       Unusable   N/A       N/A         3
 Tukima's Dance           Hex            Unusable   N/A       N/A         3
 Summon Ice Beast         Ice/Summ       Unusable   N/A       N/A         4
 Summon Lightning Spire   Summ/Air       Unusable   N/A       N/A         4
 Death Channel            Necr           Unusable   N/A       N/A         6
 Summon Cactus Giant      Summ           Unusable   N/A       N/A         6
 Haunt                    Necr/Summ      Unusable   N/A       N/A         7
 Spellforged Servitor     Conj/Summ      Unusable   N/A       N/A         7
 Summon Hydra             Summ           Unusable   N/A       N/A         7

Dungeon Overview and Level Annotations

Branches:
Dungeon (15/15)            Temple (1/1) D:5            Lair (5/5) D:10
 Shoals (4/4) Lair:3       Spider (4/4) Lair:2        Slime (0/5) Lair:5
    Orc (2/2) D:12            Elf (3/3) Orc:2        Vaults (1/5) D:14
 Depths (0/4) D:15          Sewer (visited)           IceCv (visited)
 WizLab (1/1)

Altars:
Ashenzari
Cheibriados
Dithmenos
Elyvilon
Fedhas
Gozag
Hepliaklqana
Kikubaaqudgha
Makhleb
Nemelex Xobeh
Okawaru
Qazlal
Ru
Sif Muna
Trog
Uskayaw
Vehumet
Wu Jian
Xom
Yredelemnul
Zin
The Shining One
Jiyva

Shops:
D:2 *   D:7 !   Orc:2 *[(=   Elf:3 ?!*[*

Portals:
Trove: D:13 (show slimy rune of Zot)

Annotations:
Lair:5 Casa
Elf:2 2 runed translucent doors


Innate Abilities, Weirdness & Mutations

You have a pair of horns on your head.
You reflexively headbutt those who attack you in melee.
Your magical capacity is low. (-10% MP)


Message History

Riokh hits you but does no damage. The rust devil hits you.
The rust devil corrodes you! The orange demon misses you.
You closely miss Riokh.
Riokh is heavily wounded.
You block the Executioner's attack. The Executioner hits you.
You block the Executioner's attack.
Riokh casts a spell.
The Executioner hits you! You block the Executioner's attack.
The Executioner hits you but does no damage.
The Brimstone Fiend calls on the powers of darkness!
Riokh convulses!
Your body is wracked with pain!
You barely miss Riokh.
Riokh is severely wounded.
You block the Executioner's attack. The Executioner closely misses you.
The Executioner hits you but does no damage.
You block the rust devil's attack. You block the orange demon's attack.
Riokh mumbles some strange words.
Riokh blinks!
The Executioner hits you!!
* * * LOW HITPOINT WARNING * * *
You block the Executioner's attack.
The Executioner hits you but does no damage.
You slice the Brimstone Fiend!! You headbutt the Brimstone Fiend.
The Brimstone Fiend is moderately wounded.
You block the Executioner's attack. x3; You block the orange demon's attack.
The rust devil hits you.
* * * LOW HITPOINT WARNING * * *
The rust devil corrodes you! The Executioner hits you!!
* * * LOW HITPOINT WARNING * * *
The Executioner hits you but does no damage.
The Executioner hits you.
* * * LOW HITPOINT WARNING * * *
You hit the Brimstone Fiend but do no damage.
Your headbutt misses the Brimstone Fiend.
The Brimstone Fiend is moderately wounded.
You block the Executioner's attack.
The Executioner hits you but does no damage.
You block the Executioner's attack.
The tormentor says, "I will eat your liver."
The Brimstone Fiend hits you!
You die...

###.....###
###.........###
#.............##
...............##
.....#####).....#
....##8⌠8##.....##
...##.....##)....#
.........44.....#
........@12......#
.........1.......#
.................#
..##.....##..@....#
. ##8_8##.......)#
##### ......[[#
....=:: #####


You could see Riokh the Hellbinder (fast), a Brimstone Fiend (summoned), an
Executioner (summoned, fast), an orange demon (summoned), a rust devil
(summoned) and a tormentor (summoned).

Vanquished Creatures
  Zenata (Elf:3)
  Asterion (Spider:1)
  A titan (Shoals:4)
  Mlioglotl (Spider:1)
  2 deep elf master archers (Elf:3)
  4 krakens
  2 deep elf blademasters (Elf:3)
  A tentacled starspawn (Abyss:3)
  Kirke (D:13)
  Roxanne (Spider:3)
  Donald (Orc:1)
  3 frost giants (IceCv)
  A balrug (WizLab)
  2 emperor scorpions (Spider:4)
  5 ghost moths
  An orc warlord (Elf:3)
  3 deep elf elementalists (Elf:3)
  A cacodemon (WizLab)
  7 deep elf sorcerers
  3 broodmothers
  8 deep elf demonologists
  A demonspawn black sun (WizLab)
  A white draconian (IceCv)
  A minotaur (Shoals:1)
  7 dire elephants
  A lorocyproca (WizLab)
  6 spark wasps
  2 red draconians (Abyss:3)
  5 deep elf annihilators (Elf:3)
  An ettin (D:11)
  2 green deaths (WizLab)
  9 merfolk impalers
  4 deep elf death magi (Elf:3)
  2 fire dragons
  12 merfolk javelineers
  Josephine (D:13)
  Fannar (Lair:1)
  An entropy weaver (shapeshifter) (D:14)
  7 entropy weavers
  A deep elf high priest (Elf:3)
  5 hydras
  7 ice dragons (IceCv)
  4 vault guards (D:14)
  A catoblepas (Lair:3)
  A jorogumo (Spider:4)
  2 alligator snapping turtles
  14 boulder beetles
  A merfolk avatar (Shoals:3)
  5 merfolk aquamancers (Shoals:4)
  9 centaur warriors
  2 satyrs
  15 dancing weapons
  A radroach (Spider:3)
  3 tengu warriors
  6 ironbound frosthearts (IceCv)
  2 death yaks (Lair:5)
  2 two-headed ogres
  4 orc high priests
  Urug (Orc:1)
  A soul eater (WizLab)
  Sonja (D:13)
  7 deep elf knights
  A sun demon (WizLab)
  2 sixfirhies (WizLab)
  7 skysharks
  A sun moth (Spider:4)
  A fire crab (Abyss:3)
  4 pharaoh ants
  2 skeletal warriors (D:15)
  6 sea snakes
  9 orb spiders
  A spectral anaconda (Lair:5)
  A bunyip zombie (Abyss:3)
  2 shadow demons (WizLab)
  6 deep elf archers
  An orange crystal statue (IceCv)
  An obsidian statue (Lair:5)
  4 steelbarb worms
  10 starcursed masses (Abyss:3)
  5 necromancers
  A phantasmal warrior (D:15)
  6 orc knights
  22 harpies
  25 deep elf zephyrmancers
  24 deep elf pyromancers
  An orc sorcerer (Orc:1)
  10 ugly things
  19 wolf spiders
  An oklob plant (Lair:3)
  12 manticores
  A worldbinder (Abyss:3)
  12 cyclopes
  12 fauns
  4 moths of wrath
  5 black mambas
  8 merfolk sirens
  A black mamba (shapeshifter) (D:14)
  An apocalypse crab (Abyss:3)
  33 elephants
  2 smoke demons (WizLab)
  3 torpor snails
  16 water nymphs
  7 demonic crawlers
  An orange demon (WizLab)
  A gargoyle (D:12)
  6 unseen horrors
  11 rime drakes
  2 dire elephant skeletons (Lair:5)
  11 komodo dragons
  A kobold demonologist (D:12)
  A rime drake (shapeshifter) (D:13)
  17 cane toads
  A yaktaur (D:11)
  A spriggan zombie (D:15)
  4 efreet
  A hellion (WizLab)
  2 yaktaurs (shapeshifter)
  3 ice devils
  A spriggan skeleton (D:15)
  3 red devils (WizLab)
  An ancient zyme (Abyss:3)
  5 meliai
  14 wind drakes
  10 trolls
  2 hellwings (WizLab)
  25 merfolk
  11 polar bears
  A raiju (Abyss:3)
  2 spectral elephants (Lair:5)
  26 tarantellas
  A raiju (shapeshifter) (D:15)
  6 hornets
  15 blink frogs
  4 dream sheep (Shoals:2)
  11 snapping turtles
  25 jumping spiders
  11 air elementals
  A slime creature (D:14)
  17 culicivoras
  A centaur simulacrum (D:11)
  Sigmund (D:6)
  4 vampires
  3 shadows
  24 water elementals
  6 wraiths
  2 ynoxinuls
  5 basilisks
  30 yaks
  2 death yak simulacra (Lair:5)
  2 fire elementals
  Grum (Lair:1)
  4 hogs (D:13)
  2 chaos spawn (WizLab)
  A neqoxec (WizLab)
  A steam dragon (D:9)
  9 vampire mosquitoes
  67 redbacks
  3 large abominations (Abyss:3)
  2 wargs (Orc:2)
  2 acid dragons (D:11)
  3 spectral cane toads (Lair:5)
  10 water moccasins
  2 human zombies (D:15)
  Pargi (Sewer)
  49 orc warriors
  3 elephant zombies (Lair:5)
  A sky beast (D:7)
  A swamp drake (D:12)
  5 black bears
  4 ogres
  9 wolves (Lair:1)
  2 small abominations (Abyss:3)
  32 centaurs
  2 phantoms (D:6)
  12 bullfrogs
  2 kobold brigands
  A gnoll sergeant (D:13)
  3 earth elementals (Elf:1)
  Blork the orc (D:5)
  3 scorpions
  13 wights
  10 killer bees
  7 howler monkeys
  2 electric eels (Lair:2)
  2 hounds
  2 jellies
  A quasit (Abyss:3)
  17 orc priests
  3 iguanas
  7 hell rats (Lair:1)
  23 orc wizards
  2 sleepcaps
  8 gnolls
  7 adders
  2 river rats (D:5)
  3 shadow imps (D:6)
  A white imp (D:5)
  4 ufetubi
  4 worms
  6 dart slugs
  75 orcs
  4 bats
  6 endoplasms
  2 giant cockroaches
  9 goblins
  7 hobgoblins
  8 jackals
  4 quokkas
  8 ball pythons
  8 frilled lizards
  15 kobolds
  7 rats
  3 tentacles (Shoals:2)
1352 creatures vanquished.

Vanquished Creatures (others)
  A deep elf high priest (Elf:3)
  A rime drake (IceCv)
  An orc wizard (Orc:2)
  An orc (D:12)
  2 starspawn tentacles (Abyss:3)
  26 tentacles
32 creatures vanquished.

Grand Total: 1384 creatures vanquished

Notes
Turn   | Place    | Note
-------+----------+-------------------------------------------
     0 | D:1      | Peloso the Minotaur Fighter began the quest for the Orb.
     0 | D:1      | Reached XP level 1. HP: 19/19 MP: 0/0
    90 | D:1      | Reached XP level 2. HP: 23/27 MP: 1/1
   588 | D:2      | Found Xaegople's Assorted Antiques.
   594 | D:2      | Reached XP level 3. HP: 30/33 MP: 2/2
   622 | D:1      | You fall into a shaft and drop 1 floor!
   622 | D:2      | Found a shimmering blue altar of Sif Muna.
   958 | D:2      | Found a faded altar of an unknown god.
  1066 | D:2      | Bought a scroll labelled FOWNUBI XOEZXI for 25 gold pieces
  1066 | D:2      | Bought a scroll labelled UBIWAO ABBY for 25 gold pieces
  1116 | D:3      | Reached XP level 4. HP: 33/40 MP: 3/3
  1710 | D:3      | HP: 1/40 [poisoned by a kobold]
  2149 | D:4      | Reached XP level 5. HP: 33/46 MP: 4/4
  2222 | D:4      | Reached skill level 5 in Long Blades
  2271 | D:4      | Reached skill level 1 in Dodging
  2323 | D:4      | Reached XP level 6. HP: 53/53 MP: 5/5
  2600 | D:4      | Reached skill level 5 in Shields
  3037 | D:2      | Bought a fizzy dark potion for 22 gold pieces
  3037 | D:2      | Bought a scroll labelled UBIWAO ABBY for 25 gold pieces
  3037 | D:2      | Bought a lumpy inky potion for 22 gold pieces
  3110 | D:5      | Entered Level 5 of the Dungeon
  3164 | D:5      | Found a glowing drain.
  3198 | Sewer    | Entered a sewer
  3282 | Sewer    | Noticed Pargi
  3295 | Sewer    | Killed Pargi
  3296 | Sewer    | Reached skill level 5 in Armour
  3296 | Sewer    | Reached XP level 7. HP: 59/60 MP: 6/6
  3480 | D:5      | Reached skill level 5 in Fighting
  3488 | D:5      | Noticed Blork the orc
  3874 | D:5      | Reached XP level 8. HP: 61/68 MP: 7/7
  3965 | D:5      | Killed Blork the orc
  4004 | D:5      | Found a staircase to the Ecumenical Temple.
  4056 | Temple   | Entered the Ecumenical Temple
  4160 | D:5      | Found a snail-covered altar of Cheibriados.
  4595 | D:6      | Found a stormy altar of Qazlal.
  4630 | D:6      | Noticed Sigmund
  4817 | D:6      | Killed Sigmund
  5200 | D:6      | Found a blossoming altar of Fedhas.
  5243 | D:6      | Reached XP level 9. HP: 75/75 MP: 8/8
  5426 | D:7      | Killed an unseen horror
  5427 | D:7      | Reached skill level 10 in Long Blades
  5686 | D:7      | Found Nachureq's Distillery.
  6228 | D:8      | Found an iron altar of Okawaru.
  6267 | D:8      | Became a worshipper of Warmaster Okawaru
  7111 | D:9      | Found a radiant altar of Vehumet.
  7114 | D:9      | Reached * piety under Okawaru
  7115 | D:9      | Reached XP level 10. HP: 80/86 MP: 9/9
  7487 | D:9      | Identified the +5 scale mail of Bitterness {+Inv Str+4
                  | Stlth+}
  7792 | D:10     | Entered Level 10 of the Dungeon
  7792 | D:10     | Noticed a two-headed ogre
  7800 | D:10     | Killed a two-headed ogre
  7801 | D:10     | Reached skill level 1 in Stealth
  7839 | D:10     | Noticed a centaur warrior
  7859 | D:10     | Killed a centaur warrior
  8116 | D:10     | Reached skill level 10 in Armour
  8190 | D:10     | Reached skill level 1 in Invocations
  8202 | D:10     | Reached ** piety under Okawaru
  8423 | D:10     | Found a sparkling altar of Nemelex Xobeh.
  8471 | D:10     | Found a bloodstained altar of Trog.
  8525 | D:10     | Found a staircase to the Lair.
  8689 | D:11     | Noticed a green ugly thing
  8700 | D:11     | Killed a green ugly thing
  8701 | D:11     | Reached XP level 11. HP: 82/95 MP: 8/11
  8817 | D:11     | Reached *** piety under Okawaru
  9193 | Lair:1   | Entered Level 1 of the Lair of Beasts
  9223 | Lair:1   | Noticed Grum
  9248 | Lair:1   | Killed Grum
  9295 | Lair:1   | Reached **** piety under Okawaru
  9658 | Lair:1   | Reached ***** piety under Okawaru
  9674 | Lair:1   | Noticed Fannar
  9685 | Lair:1   | Killed Fannar
  9686 | Lair:1   | Reached skill level 10 in Fighting
  9686 | Lair:1   | Reached skill level 5 in Dodging
  9908 | Lair:1   | Found a transporter.
  9908 | Lair:1   | Found a transporter.
  9908 | Lair:1   | Noticed a boulder beetle
  9909 | Lair:1   | Noticed a boulder beetle
 10372 | Lair:2   | Noticed a four-headed hydra
 10375 | Lair:2   | Reached XP level 12. HP: 106/106 MP: 12/12
 10394 | Lair:2   | Killed a four-headed hydra
 10394 | Lair:2   | Received a gift from Okawaru
 10395 | Lair:2   | Reached skill level 10 in Shields
 10736 | Lair:2   | Received a gift from Okawaru
 10737 | Lair:2   | Found the +8 demon blade "Leech" {evervamp, Harm Drain rN+}
 10796 | Lair:2   | Reached skill level 1 in Polearms
 10846 | Lair:2   | Found a hole to the Spider Nest.
 10862 | Lair:2   | Reached skill level 15 in Long Blades
 11371 | Lair:3   | Found a basalt altar of Yredelemnul.
 11504 | Lair:3   | Found a staircase to the Shoals.
 11820 | Lair:3   | Noticed a catoblepas
 11837 | Lair:3   | Killed a catoblepas
 12526 | D:11     | Noticed a boulder beetle
 12534 | D:11     | Killed a boulder beetle
 12863 | D:11     | Noticed a boulder beetle
 12873 | D:11     | Noticed a boulder beetle
 12875 | D:11     | Identified the +3 pair of gloves of Distant Shores {Rampage
                  | rN++ SInv Stlth-} (Okawaru gifted it to you on level 11 of
                  | the Dungeon)
 12875 | D:11     | Received a gift from Okawaru
 12880 | D:11     | Killed a boulder beetle
 12901 | D:11     | Killed a boulder beetle
 12902 | D:11     | Reached XP level 13. HP: 97/118 MP: 13/13
 12944 | D:11     | Found a runed translucent door.
 13108 | D:11     | Identified the staff of death "Enischun" {Drain rC+ rN+
                  | Will+ rCorr}
 13128 | D:11     | Found a runed translucent door.
 13129 | D:11     | Noticed an ettin
 13130 | D:11     | Found a runed translucent door.
 13532 | D:12     | Reached ****** piety under Okawaru
 14123 | D:12     | Found a staircase to the Orcish Mines.
 14239 | D:12     | Identified a scroll of acquirement
 14297 | Orc:1    | Entered Level 1 of the Orcish Mines
 14319 | Orc:1    | Received a gift from Okawaru
 14434 | Orc:2    | Entered Level 2 of the Orcish Mines
 14436 | Orc:2    | Noticed Donald
 14454 | Orc:1    | Killed Donald
 14587 | Orc:2    | Found a staircase to the Elven Halls.
 14689 | Orc:2    | Identified the +0 hat "Tuucinas" {rF+} (Okawaru gifted it
                  | to you on level 2 of the Orcish Mines)
 14689 | Orc:2    | Received a gift from Okawaru
 15017 | Orc:2    | Found Badaon's Antique Weapon Emporium.
 15017 | Orc:2    | Found Qabunaq's Armour Boutique.
 15019 | Orc:2    | Found Nofyits's General Store.
 15021 | Orc:2    | Found Weiqidym's Jewellery Shoppe.
 15160 | Orc:1    | Noticed Urug
 15199 | Orc:1    | Killed Urug
 15374 | Orc:1    | Reached XP level 14. HP: 130/130 MP: 14/14
 15691 | D:13     | Found a portal to a secret trove of treasure.
 15794 | D:13     | Noticed Josephine
 15800 | D:13     | Killed Josephine
 16097 | D:13     | Noticed Sonja
 16101 | D:13     | Killed Sonja
 16153 | D:13     | Noticed Kirke
 16468 | D:13     | Killed Kirke
 17002 | Lair:4   | Identified the +2 war axe of Indomitability {spect, rCorr}
 17633 | Lair:5   | Entered Level 5 of the Lair of Beasts
 17826 | Lair:5   | Identified the +1 hat of the Journeyman {Harm rC+ Will-
                  | Int+5} (Okawaru gifted it to you on level 5 of the Lair of
                  | Beasts)
 17826 | Lair:5   | Received a gift from Okawaru
 18068 | Lair:5   | Found a staircase to the Slime Pits.
 18068 | Lair:5   | Found a viscous altar of Jiyva.
 18390 | Lair:5   | Reached skill level 15 in Fighting
 18531 | Lair:5   | Reached XP level 15. HP: 141/141 MP: 15/15
 18556 | Lair:5   | Reached skill level 15 in Shields
 18831 | Lair:5   | Reached skill level 10 in Dodging
 19026 | Lair:5   | Identified the +5 ring mail of the Zebra {rF+ Int+3}
                  | (Okawaru gifted it to you on level 5 of the Lair of Beasts)
 19026 | Lair:5   | Received a gift from Okawaru
 19527 | Spider:1 | Entered Level 1 of the Spider Nest
 20051 | Spider:1 | Noticed Mlioglotl
 20057 | Spider:1 | Killed Mlioglotl
 20611 | Spider:1 | Noticed Asterion
 20626 | Spider:1 | Killed Asterion
 22083 | Spider:2 | Acquired the scarf of Scuffed the Leaf {rC+ rF+, Str+2
                  | Dex+3}
 22186 | Shoals:1 | Entered Level 1 of the Shoals
 22361 | Shoals:1 | Reached XP level 16. HP: 124/151 MP: 17/17
 22377 | Shoals:1 | Received a gift from Okawaru
 22439 | Shoals:1 | Found a hide-covered altar of Uskayaw.
 22444 | Shoals:1 | Found the +8 storm bow {elec, penet}
 22548 | Shoals:1 | Identified the +1 plate armour of the Lost Path {rElec rC+}
 22942 | Shoals:1 | Noticed a kraken
 22982 | Shoals:1 | Killed a kraken
 23614 | Elf:1    | Entered Level 1 of the Elven Halls
 23791 | Elf:1    | Noticed a Brimstone Fiend
 24145 | Elf:1    | Identified the +8 falchion of Responsibility {heavy, rPois
                  | rF+ rC+} (Okawaru gifted it to you on level 1 of the Elven
                  | Halls)
 24145 | Elf:1    | Received a gift from Okawaru
 24577 | Elf:1    | You fall into a shaft and drop 1 floor!
 24578 | Elf:2    | Paralysed by an air elemental for 1 turns
 24580 | Elf:2    | Paralysed by an air elemental for 1 turns
 25099 | Elf:1    | Reached skill level 15 in Armour
 25184 | Elf:1    | Received a gift from Okawaru
 25622 | Elf:2    | Found a runed translucent door.
 25643 | Elf:2    | Reached XP level 17. HP: 162/162 MP: 18/18
 25648 | Elf:2    | Found a runed translucent door.
 26043 | Elf:3    | Entered Level 3 of the Elven Halls
 26189 | Elf:3    | Found Faamoanu's Assorted Antiques.
 26234 | Elf:3    | Found Ximac's Armour Shop.
 26234 | Elf:3    | Found Jasatee's Magic Scroll Boutique.
 26237 | Elf:3    | Found Qeb Vuus's Distillery.
 26239 | Elf:3    | Bought a jewelled chain mail for 294 gold pieces
 26239 | Elf:3    | Identified the +6 chain mail "Arinoast" {-Tele Fly Will+++
                  | Str-4} (You bought it in a shop on level 3 of the Elven
                  | Halls)
 26256 | Elf:3    | Bought a potion of mutation for 136 gold pieces
 26263 | Elf:3    | Noticed Zenata
 26272 | Elf:3    | Killed Zenata
 26437 | Elf:3    | Found Joiqy's General Store.
 26921 | Elf:3    | Noticed a deep elf blademaster
 26931 | Elf:3    | Killed a deep elf blademaster
 26979 | Elf:3    | Noticed a deep elf master archer
 26985 | Elf:3    | Killed a deep elf master archer
 26990 | Elf:3    | Identified the +6 great sword of Doom {freeze, Dex+4}
 26990 | Elf:3    | Identified the ring of Ceankoa {rElec rPois rC+ EV+5 Int-4}
 27000 | Elf:3    | Noticed a Brimstone Fiend
 27405 | Elf:3    | Noticed a deep elf master archer
 27424 | Elf:3    | Killed a deep elf master archer
 27862 | Abyss:3  | Cast into level 3 of the Abyss (a deep elf demonologist)
 27921 | Abyss:3  | Identified the +5 long sword "Zegay" {spect, Str+3}
                  | (Okawaru gifted it to you on level 3 of the Abyss)
 27921 | Abyss:3  | Received a gift from Okawaru
 28254 | Elf:3    | Escaped the Abyss
 28507 | Elf:3    | Identified the ring "Ageum" {rF+ Int+3 Dex-4 Stlth+}
 28545 | Elf:3    | Identified the +1 fire dragon scales of Lucidity {rF++ rC-
                  | Str+3 Int+3}
 28545 | Elf:3    | Noticed a deep elf blademaster
 28552 | Elf:3    | Killed a deep elf blademaster
 29578 | Elf:3    | Received a gift from Okawaru
 29586 | Elf:3    | Got Sif Muna's Atlas of the Caves and Hail
 29609 | Elf:3    | Got the Parchment of Transformed Angles
 29617 | Elf:3    | Identified the staff of air "Zigg" {rElec Str+2 Int+4}
 29646 | Elf:3    | Got Raxot's Compilation of Support and Conflagration
 30374 | Shoals:2 | Reached XP level 18. HP: 149/173 MP: 15/19
 30682 | Shoals:2 | Identified the +0 pair of gloves of Catatonia {-Tele rElec
                  | rC++ Int+3} (Okawaru gifted it to you on level 2 of the
                  | Shoals)
 30682 | Shoals:2 | Received a gift from Okawaru
 31624 | Shoals:4 | Entered Level 4 of the Shoals
 31640 | Shoals:4 | Paralysed by an air elemental for 1 turns
 31856 | Shoals:4 | Acquired 623 gold pieces
 31880 | Shoals:4 | Paralysed by an air elemental for 1 turns
 32082 | Shoals:4 | Received a gift from Okawaru
 32179 | Shoals:4 | Got a barnacled rune of Zot
 32256 | Shoals:4 | Paralysed by an air elemental for 1 turns
 32622 | Shoals:4 | Paralysed by an air elemental for 1 turns
 32626 | Shoals:4 | Paralysed by an air elemental for 1 turns
 32631 | Shoals:4 | Paralysed by an air elemental for 1 turns
 32669 | Shoals:4 | Paralysed by an air elemental for 1 turns
 32679 | Shoals:4 | Paralysed by an air elemental for 1 turns
 32783 | Shoals:4 | Received a gift from Okawaru
 34345 | Spider:3 | Noticed Roxanne
 34362 | Spider:3 | Killed Roxanne
 34557 | Spider:3 | Reached XP level 19. HP: 187/187 MP: 20/20
 35322 | Spider:4 | Entered Level 4 of the Spider Nest
 35971 | Spider:4 | Identified the +0 crystal plate armour of the Forest {Int+5
                  | Dex-2} (Okawaru gifted it to you on level 4 of the Spider
                  | Nest)
 35971 | Spider:4 | Received a gift from Okawaru
 36244 | Spider:4 | Identified the orb "Ozxias" {*channel, rElec}
 37259 | Spider:4 | Identified the +0 pair of boots of Leas {Harm Drain Will-
                  | Slay+5}
 37270 | Spider:4 | Got a gossamer rune of Zot
 37277 | Spider:4 | Reached XP level 20. HP: 198/198 MP: 20/22
 37278 | Spider:4 | Reached XP level 21. HP: 204/204 MP: 20/23
 37739 | D:14     | Found a frozen archway.
 37748 | IceCv    | Entered an ice cave
 38027 | IceCv    | Identified the +10 tower shield of Decompression {+Blink
                  | Str+5} (Okawaru gifted it to you in an ice cave)
 38027 | IceCv    | Received a gift from Okawaru
 38329 | D:14     | Identified the +0 cloak of the Trout {Str+2}
 38405 | D:14     | Found a gate to the Vaults.
 38508 | D:14     | Found an ancient bone altar of Kikubaaqudgha.
 38820 | D:15     | Entered Level 15 of the Dungeon
 39049 | D:15     | Identified the +4 broad axe of Execution {drain, +Blink Fly
                  | Will+++ Str-4}
 39285 | D:15     | Found a staircase to the Depths.
 39742 | Vaults:1 | Entered Level 1 of the Vaults
 39814 | Vaults:1 | Found a magical portal.
 39836 | WizLab   | Entered The Hall of the Hellbinder
 39936 | WizLab   | Reached XP level 22. HP: 72/178 MP: 4/24
 40174 | WizLab   | Gained mutation: Your magical capacity is low. (-10% MP) [a
                  | neqoxec]
 40257 | WizLab   | Found the +10 morningstar "Eos" {elec, Halo rElec}
 40258 | WizLab   | Found a burning altar of Makhleb.
 40305 | WizLab   | Mangled by a Brimstone Fiend

Illustrated notes

Levels and vault maps discovered:
D:1:      dpeg_arrival_connections, layout_basic, minmay_domino_4
D:2:      layout_rooms, basic_altar, serial_shops, shop,
          ebering_ecumenical_altar_sacrificial
D:3:      layout_loops_ring
D:4:      layout_loops_ring, minmay_between
D:5:      layout_basic, mainiacjoe_overflow_cross_hatched,
          minmay_temple_entry_statues_fountains, portal_sewer_entry_b,
          uniq_blork_the_orc
D:6:      layout_basic, nicolae_overflow_hidden_temple,
          mainiacjoe_overflow_24_doors, minmay_misc_feat_cross, uniq_sigmund
D:7:      layout_rooms, serial_shops, shop, amethyst_killhole
D:8:      layout_basic, old_standard_altar
D:9:      layout_cave_pools, mainiacjoe_overflow_small_starburst,
          columned_hall_lemuel
D:10:     layout_big_octagon, marbit_many_paths, nicolae_overflow_crystal_walls,
          grunt_lair_entry_orc_guard_hut
D:11:     minmay_the_grid_triangle_9x9_recursive_3_mashed
          [minmay_the_grid_triangle_9x9_sprig,
          minmay_the_grid_triangle_9x9_wacky_v,
          minmay_the_grid_triangle_9x9_fully_insulated_deathbox,
          minmay_the_grid_triangle_9x9_prize_schism,
          minmay_the_grid_triangle_9x9_dagger,
          minmay_the_grid_triangle_9x9_negative_grid,
          minmay_the_grid_triangle_9x9_corrupted_corridor,
          minmay_the_grid_triangle_9x9_shrine,
          minmay_the_grid_triangle_9x9_zippers_vertical], layout_cave_pods,
          hangedman_abyss_or_decor_stagger
D:12:     minmay_bubble_buster, layout_basic, erik_orc_1
D:13:     layout_grid_maze, nicolae_trove_entry_columns, uniq_sonja, uniq_kirke,
          uniq_josephine
D:14:     layout_basic, lightli_vaults_fourway_checkpoint,
          portal_ice_cave_entry_pillars_three, kiku_gazebo_pond_becter
D:15:     gammafunk_depths_entry_grave, layout_loops_corners,
          minmay_misc_feat_four_crosses
Temple:   minmay_freezing_vapour_temple
Lair:1:   gammafunk_boulding_lane, layout_hall_layers, uniq_fannar, uniq_grum
Lair:2:   layout_chaotic_city, spider_nest_entry_funnel_web, serial_bayou_lake_a
Lair:3:   layout_cave_pods, shoals_dummy_entry, lemuel_oklob_altar
Lair:4:   layout_cave_pods
Lair:5:   due_jungle_book, layout_regular_city, slime_entry_1,
          grunt_megastairs_2
Shoals:1: layout_shoals, regret_index_shoals_crete
Shoals:2: layout_shoals
Shoals:3: argonaut_golden_fleece, layout_shoals
Shoals:4: shoals_end_hellmonk_storm_palace [storm_palace_center_circular,
          storm_palace_corner_narrow, storm_palace_corner_blocked,
          storm_palace_corner_narrow, storm_palace_corner_narrow], serial_shops
Spider:1: layout_cave_pods, uniq_mlioglotl, uniq_asterion
Spider:2: layout_chambers
Spider:3: layout_spider_delve, drop_trap, spiders_nest_the_unseen, uniq_roxanne
Spider:4: spider_rune_water, nicolae_spider_jagged_tunnels
Orc:1:    layout_caves, mines2_david, uniq_urug
Orc:2:    st_orc_rangers, layout_caves, statue_in_the_mist_lemuel,
          lemuel_statue_altar, uniq_donald
Elf:1:    eino_elf_arrival_customs, layout_loops_corners,
          hangedman_elven_crosses_minicolossus, grunt_ministairs_2,
          nicolae_elf_big_sculpture_2
Elf:2:    elven_hall_of_blades_hangedman_original
          [nicolae_blade_entry_splitting_headache], layout_loops_cross,
          einodemon_crawler_minivault
Elf:3:    grunt_elf_hall_asides, layout_geoelf_diagonals, serial_shops,
          nicolae_shop_window_shopping, special_room [special_room_orc],
          minmay_shoptagon, uniq_zenata
Vaults:1: infiniplex_enter_wizlab_glasses, nicolae_vaults_weapon_check,
          v_misc_28, grunt_vaults_trifunnel, v_rooms_6,
          nicolae_vaults_spaceships, hangedman_vaults_pinch,
          nicolae_vaults_variable_pillar_hall, nicolae_vaults_house_3,
          nicolae_vaults_tetromino_L_1, layout_vaults_maze_bifur
WizLab:   wizlab_demon

Skill      XL: |  1  2  3  4  5  6  7  8  9 10 11 12 13 14 15 16 17 18 19 20 21 22 |
---------------+-------------------------------------------------------------------+-----
Shields        | 4 5 6 7 8 9 10 12 14 16 18 19 20 21 22 | 22.6
Fighting       | 4 5 6 7 8 10 12 13 15 16 17 18 20 21 | 21.7
Long Blades    | 3 4 5 6 8 9 11 13 14 15 16 17 19 20 21 22 | 22.7
Armour         | 4 5 6 7 9 10 11 12 13 14 15 16 17 18 | 18.3
Dodging        | 1 2 3 5 7 8 9 10 11 12 | 12.0
Stealth        | 1 2 3 4 |  4.1
Invocations    | 1 2 3 4 |  4.7
Polearms       | 1 |  1.9
Evocations     | |  0.2

Action                     |  1- 3 |  4- 6 |  7- 9 | 10-12 | 13-15 | 16-18 | 19-21 | 22-24 || total
---------------------------+-------+-------+-------+-------+-------+-------+-------+-------++-------
  Melee: Long sword        |   102 |   163 |   252 |       |       |       |       |       ||   517
         Headbutt          |    11 |    27 |    62 |   151 |   311 |   384 |   229 |    25 ||  1200
         Scimitar          |       |       |    31 |       |       |       |       |       ||    31
         Falchion          |       |       |     9 |   424 |       |       |    53 |       ||   486
         Demon blade       |       |       |       |   141 |  1050 |  1398 |   680 |    59 ||  3328
         Spear             |       |       |       |     8 |       |       |       |       ||     8
         Unarmed           |       |       |       |       |     4 |       |       |       ||     4
         Punch             |       |       |       |       |       |     5 |       |       ||     5
 Invoke: Heroism           |       |       |       |    11 |     6 |    10 |     3 |     1 ||    31
  Evoke: Wand              |       |       |       |     2 |       |       |       |       ||     2
    Use: Scroll            |     1 |     5 |     8 |       |    15 |     7 |     2 |       ||    38
         Potion            |       |     3 |     3 |       |       |    12 |     3 |     1 ||    22
   Stab: Sleeping          |       |       |       |     1 |     1 |       |       |       ||     2
         Confused          |       |       |       |       |     1 |       |       |       ||     1
         Distracted        |       |       |       |       |       |     1 |       |       ||     1
 Armour: Scale mail        |    44 |    58 |       |   165 |   326 |    12 |       |       ||   605
         Chain mail        |       |    34 |   115 |       |       |       |       |       ||   149
         Plate armour      |       |       |   111 |    33 |       |   653 |   220 |       ||  1017
         Fire dragon scale |       |       |       |       |       |       |       |    15 ||    15
  Dodge: Dodged            |    48 |    75 |    98 |   254 |   593 |   581 |   228 |    11 ||  1888
  Block: Buckler           |    26 |    46 |    68 |   150 |    47 |       |       |       ||   337
         Kite shield       |       |       |       |       |   596 |   493 |   490 |       ||  1579
         Reflection        |       |       |       |       |     5 |    32 |    24 |     1 ||    62
         Other             |       |       |       |       |       |    86 |       |       ||    86
         Tower shield      |       |       |       |       |       |       |   357 |    67 ||   424
